Selects Australian Defense Battlegroup
Selects Australian Light Infantry Section
Australian Light Infantry Section
Australian Light Infantry Section
Construct Section Command Post
Selects Defensive Tactics
Construct Platoon Command Post
Unlock Bishop Self-propelled Artillery
Selects CMP 15cwt Supply Run
Construct Field Infirmary
Selects Reinforced Resource Caches
6-pounder Anti-tank Gun Team
Bishop Self-propelled Artillery
6-pounder Anti-tank Gun Team
Selects Archer Tank Destroyer
Selects Vehicle Over Repair